 Dungeon Crawl Stone Soup version 0.31.0-11-ge490571c62 (webtiles) character file.

Game seed: 14214896462634470826

55 qw the Shooter (level 3, 0/20 HPs)
             Began as a Deep Elf Hunter on Feb 4, 2024.
             Slain by Terence
             ... wielding a +0 flail
              (9 damage)
             ... on level 2 of the Dungeon.
             The game lasted 00:00:03 (892 turns).

qw the Shooter (Deep Elf Hunter)                     Turns: 892, Time: 00:00:03

Health: 0/20       AC:  3    Str: 10    XL:     3   Next: 67%
Magic:  5/5        EV: 12    Int: 13    God:
Gold:   31         SH:  0    Dex: 18    Spells: 2/2 levels left

rFire   . . .        a - +2 shortbow
rCold   . . .        (shield currently unavailable)
rNeg    . . .        c - +0 leather armour
rPois   .            (no helmet)
rElec   .            (no cloak)
rCorr   .            (no gloves)
SInv    .            (no boots)
Will    .....        (no amulet)
Stlth   ++           (no ring)
HPRegen 0.23/turn    (no ring)
MPRegen 0.09/turn

%: no passive effects
@: no status effects
A: no striking features
a: no special abilities


You were on level 2 of the Dungeon.
You visited 1 branch of the dungeon, and saw 2 of its levels.

You collected 31 gold pieces.


   Skills:
 - Level 1.5 Fighting
 + Level 7.2 Ranged Weapons
 - Level 2.4 Dodging
 - Level 1.2 Stealth


You had 2 spell levels left.
You didn't know any spells.
Your spell library was empty.

Inventory:

Hand Weapons
 a - a +2 shortbow (weapon)
Armour
 c - a +0 leather armour (worn)
Scrolls
 d - a scroll of silence {unknown}
 e - a scroll of identify
Potions
 b - a potion of berserk rage {unknown}
 f - a potion of haste
 g - 2 potions of enlightenment
 i - a potion of curing {unknown}

Dungeon Overview and Level Annotations

Branches:
Dungeon (2/15)

Altars:

Annotations:
D:2 Terence


Message History

The arrow closely misses the cerulean imp.
The arrow hits the cerulean imp but does no damage.
The cerulean imp hits you from afar with a +1 spear.
Natasha barely misses you.
You shoot an arrow. The arrow hits Natasha!
You kill Natasha!
Natasha screams in fury as she dies!
The cerulean imp disappears in a puff of smoke! x2
Your Ranged Weapons skill increases to level 7!
You start resting.
HP restored.
You see here the felid corpse of Natasha.
You shoot an arrow. The arrow hits Terence!
Terence shouts!
Terence is moderately wounded.
You shoot an arrow.
The arrow hits Terence but does no damage.
Terence is moderately wounded.
You shoot an arrow. The arrow hits Terence.
Terence is heavily wounded.
Terence says, "How do you enjoy it?"
You shoot an arrow. The arrow hits Terence.
Terence is severely wounded.
Terence is nearby!
You shoot an arrow. The arrow closely misses Terence.
You shoot an arrow. The arrow completely misses Terence.
Terence closely misses you.
You shoot an arrow. The arrow hits Terence.
Terence is almost dead.
Terence closely misses you.
You shoot an arrow. The arrow barely misses Terence.
Terence hits you with a +0 flail!
You shoot an arrow. The arrow closely misses Terence.
Terence hits you with a +0 flail.
You shoot an arrow. The arrow completely misses Terence.
Terence barely misses you.
You shoot an arrow. The arrow closely misses Terence.
Terence hits you with a +0 flail!
You die...
Terence says, "Rest in peace."

#.....### ##
#$....#.. .#
#.....#.# .#
......#.# .#
......#.# .#
......#.###.#
'#@@.%..#
#..#####
#......#
#.####.#.#
#.# #.# #.#
#.# #.# #.#
#.# #.# #.#
#.#


You could see Terence.

Vanquished Creatures
  Natasha (D:2)
  A dart slug (D:1)
  5 endoplasms (D:1)
  2 giant cockroaches (D:1)
  A goblin (D:1)
  A hobgoblin (D:1)
  A kobold (D:1)
  3 quokkas (D:1)
  5 ball pythons (D:1)
  2 bats (D:1)
  A frilled lizard (D:1)
  A rat (D:1)
24 creatures vanquished.

Notes
Turn   | Place    | Note
-------+----------+-------------------------------------------
     0 | D:1      | qw the Deep Elf Hunter began the quest for the Orb.
     0 | D:1      | Reached XP level 1. HP: 12/12 MP: 3/3
     0 | D:1      | 0 ||| qw: Version: 0.3-a-160-g6735b56
     0 | D:1      | 0 ||| qw: Game counter: 4325
     0 | D:1      | 0 ||| qw: Melee chars always use a shield: true
     0 | D:1      | 0 ||| qw: God list: Okawaru
     0 | D:1      | 0 ||| qw: Allow faded altars: false
     0 | D:1      | 0 ||| qw: Do Orc after clearing Dungeon:15 true
     0 | D:1      | 0 ||| qw: Do second Lair branch before Depths: true
     0 | D:1      | 0 ||| qw: Lair rune preference: random
     0 | D:1      | 0 ||| qw: Goals: Normal
     0 | D:1      | 0 ||| PLANNING D:1-11
   168 | D:1      | Reached XP level 2. HP: 16/16 MP: 4/4
   172 | D:1      | Reached skill level 6 in Ranged Weapons
   557 | D:1      | Reached XP level 3. HP: 18/20 MP: 5/5
   685 | D:1      | 685 ||| READING scroll labelled WOSEADD YDICLOCIMN.
   685 | D:1      | 685 ||| ENCHANTING +0 shortbow.
   686 | D:1      | 686 ||| READING scroll labelled LYMNEO TANITE.
   686 | D:1      | 686 ||| IDENTIFYING inky potion
   687 | D:1      | 687 ||| READING scroll labelled GUMEAKKEKKY.
   688 | D:1      | 688 ||| DRINKING 3 metallic ruby potions.
   689 | D:1      | 689 ||| DROPPING scroll of butterflies.
   743 | D:2      | 743 ||| READING scroll of enchant weapon.
   743 | D:2      | 743 ||| ENCHANTING +1 shortbow.
   784 | D:2      | Noticed Natasha
   791 | D:2      | 791 ||| RETREEEEATING.
   791 | D:2      | Noticed Terence
   792 | D:2      | 792 ||| RETREEEEATING.
   793 | D:2      | 793 ||| RETREEEEATING.
   795 | D:2      | 795 ||| RETREEEEATING.
   796 | D:2      | HP: 5/20 [cerulean imp/+1 spear[Natasha] (3)]
   798 | D:2      | HP: 1/20 [cerulean imp/+1 spear[Natasha] (2)]
   799 | D:2      | Killed Natasha
   800 | D:2      | Reached skill level 7 in Ranged Weapons
   892 | D:2      | Slain by Terence

Levels and vault maps discovered:
D:1:      elethiomel_arrival_quiet, layout_loops_ring, minmay_cut_off
D:2:      layout_basic, chequers_ecumenical_altar_simple, minmay_heptomino_w4,
          uniq_robin, uniq_terence, uniq_natasha

Skill      XL: |  1  2  3 |
---------------+----------+-----
Ranged Weapons | 6 7 |  7.2
Fighting       | |  1.5
Dodging        | |  2.4
Stealth        | |  1.2

Action                     || total
---------------------------++-------
   Fire: Shortbow          ||    66
    Use: Scroll            ||     4
         Potion            ||     1
 Armour: Leather armour    ||    17
  Dodge: Dodged            ||    23

Table legend:
 A = Non-vault XP
 B = Vault XP
 C = Vault XP percentage of total XP
 D = Non-vault monster count
 E = Vault monster count
 F = Vault count percentage of total count
                 A         B        C        D         E       F
            +---------+---------+-------+---------+---------+-------
      Total |      35 |      44 |  55.7 |      19 |       5 |  20.8
            +---------+---------+-------+---------+---------+-------
        D:1 |      35 |       7 |  16.7 |      19 |       4 |  17.4
        D:2 |       0 |      37 | 100.0 |       0 |       1 | 100.0
            +---------+---------+-------+---------+---------+-------
